 Dungeon Crawl Stone Soup version 0.24.1 (webtiles) character file.

Game seed: 12983061495032731420, levelgen mode: deterministic

74 grulito the Digger (level 4, -2/24 HPs)
             Began as a Gargoyle Earth Elementalist on Mar 28, 2020.
             Splashed by a jelly's acid (10 damage)
             ... on level 3 of the Dungeon.
             The game lasted 00:11:52 (1491 turns).

grulito the Digger (Gargoyle Earth Elementalist)    Turns: 1491, Time: 00:11:52

Health: -2/24      AC:  1    Str: 12    XL:     4   Next: 30%
Magic:  6/8        EV: 12    Int: 16    God:
Gold:   24         SH:  0    Dex: 10    Spells: 5/9 levels left

rFire    . . .     SeeInvis .   k - +1 hand axe (chop)
rCold    + . .     Gourm    .   (no shield)
rNeg     + . .     Faith    .   c - +0 robe
rPois    ∞         Spirit   .   (no helmet)
rElec    +         Reflect  .   (no cloak)
rCorr    .         Harm     .   (no gloves)
MR       .....                  (no boots)
Stlth    ++........             (no amulet)
HPRegen  0.08/turn              o - ring of protection from cold
MPRegen  0.11/turn              (no ring)

@: corroded, very slightly contaminated
A: negative energy resistance 1, electricity resistance, unbreathing,
petrification resistance, rot immunity, AC +3
a: no special abilities


You were on level 3 of the Dungeon.
You were not hungry.

You visited 1 branch of the dungeon, and saw 3 of its levels.

You collected 24 gold pieces.

Inventory:

Hand Weapons
 k - a +1 hand axe of chopping (weapon)
Missiles
 f - 10 poisoned darts (quivered)
 l - 22 sling bullets
Armour
 c - a +0 robe (worn)
Jewellery
 o - a ring of protection from cold (left hand)
Scrolls
 e - a scroll of blinking
 h - a scroll of fear
 i - a scroll of teleportation
 j - 2 scrolls of identify {unknown}
 m - a scroll of enchant armour {unknown}
 n - 3 scrolls of enchant weapon {unknown}
Potions
 a - 2 potions of curing
 g - a potion of might {unknown}
Comestibles
 d - a ration


   Skills:
 + Level 0.1 Axes
 * Level 1.7 Dodging
 + Level 2.4 Stealth
 + Level 0.7 Unarmed Combat
 + Level 3.0 Spellcasting
   Level 0.7 Transmutations
 * Level 4.7 Earth Magic


You had 5 spell levels left.
You knew the following spells:

 Your Spells              Type           Power        Failure   Level  Hunger
a - Sandblast             Erth           ###...       2%          1    #......
b - Stone Arrow           Conj/Erth      #.....       22%         3    ###....

Your spell library contained the following spells:

 Spells                   Type           Power        Failure   Level  Hunger
 Passwall                 Tmut/Erth      ##......     10%         2    ##.....
 Petrify                  Tmut/Erth      ##......     52%         4    #####..
 Lee's Rapid Deconstruct  Erth           ###.......   58%         5    ######.


Dungeon Overview and Level Annotations

Branches:
Dungeon (3/15)

Altars:

Annotations:
D:2 Jessica, Sigmund


Innate Abilities, Weirdness & Mutations

You are resistant to torment.
Your stone body is resilient. (AC +3)
You are immune to poison.
You resist negative energy. (rN+)
You are resistant to electric shocks. (rElec)
You can survive without breathing.
You are immune to petrification.
You are immune to rotting.


Message History

A wave of violent energy washes through your body!
* * * LOW HITPOINT WARNING * * *
The jelly barely misses you.
You feel better. The jelly barely misses you.
Casting: Stone Arrow (safe; 22% risk of failure)
Confirm with . or Enter, or press ? or * to list all spells.
Aiming: Sandblast (safe; 2% risk of failure)
Press: ? - help, Shift-Dir - straight line, f/p - jelly
Aim: a jelly You don't have any stones to cast with.
You hit the jelly.
Your hands burn!
The jelly is lightly wounded.
The jelly barely misses you.
You hit the jelly but do no damage.
Your hands burn!
The jelly is lightly wounded.
The jelly hits you but does no damage.
You hit the jelly. The acid corrodes you!
Your hands burn!
The jelly is heavily wounded.
The jelly hits you.
You are splashed with acid!
You die...

#.#.# #.#.#
#.#.## #....#
########...###
##...........##
.#..####....#.##
....#
###.###.####
.#.## #.##
##J@.# ##.#
##.###.##.# .#.#
#..#)###.# .#.#
#.## #.# ...#
### #.# .### #.#
.# #.# # #.# #.#


You could see a jelly.

Vanquished Creatures
  A worker ant (D:3)
  3 worms
  2 dart slugs (D:2)
  2 orcs (D:3)
  6 bats
  2 giant cockroaches (D:1)
  3 goblins (D:1)
  6 hobgoblins
  A quokka (D:2)
  4 frilled lizards (D:1)
  4 kobolds
  4 rats
38 creatures vanquished.

Notes
Turn   | Place    | Note
-------+----------+-------------------------------------------
     0 | D:1      | grulito the Gargoyle Earth Elementalist began the quest for
                  | the Orb.
     0 | D:1      | Reached XP level 1. HP: 10/10 MP: 3/3
   301 | D:1      | Reached XP level 2. HP: 13/15 MP: 1/5
   335 | D:1      | Reached skill level 4 in Earth Magic
   883 | D:2      | Reached XP level 3. HP: 17/19 MP: 3/6
  1024 | D:2      | Learned a level 3 spell: Stone Arrow
  1095 | D:2      | Noticed Sigmund
  1244 | D:2      | Noticed Jessica
  1371 | D:3      | Reached XP level 4. HP: 13/24 MP: 1/8
  1491 | D:3      | Splashed by a jelly's acid

Levels and vault maps discovered:
D:1:      wheals_arrival_shading, layout_loops_cross
D:2:      layout_rooms, nicolae_tso_carved_into_rock, serial_co_window_serial,
          co_window_paths_b, co_window_of_opportunity_a, co_window_paths_a,
          co_window_paths_b, co_window_paths_b, co_window_of_opportunity_a,
          co_window_paths_b, co_window_paths_a, co_window_of_opportunity_a,
          co_window_broadway_c, co_window_broadway_a, co_window_2corner,
          co_window_corner_b, co_window_paths_d, glass_columns_c, uniq_sigmund,
          uniq_jessica
D:3:      cheibrodos_pilgrimage, layout_loops_ring, first_ration

Skill      XL: |  1  2  3 |
---------------+----------+-----
Earth Magic    | 4 |  4.7
Spellcasting   | 3 |  3.0
Axes           | |  0.1
Dodging        | |  1.7
Stealth        | |  2.4
Unarmed Combat | |  0.7
Transmutations | |  0.7

Action                   |  1- 3 |  4- 6 || total
-------------------------+-------+-------++-------
Melee: Unarmed           |    42 |       ||    42
       Hand axe          |    15 |    14 ||    29
 Cast: Sandblast         |    46 |       ||    46
       Stone Arrow       |     2 |       ||     2
  Use: Scroll            |       |     4 ||     4
       Potion            |       |     2 ||     2
 Stab: Sleeping          |       |     2 ||     2
  Eat: Ration            |     1 |       ||     1
Armor: Robe              |    24 |     5 ||    29
Dodge: Dodged            |    64 |    11 ||    75
